 Dungeon Crawl Stone Soup version 0.23.0 (webtiles) character file.

Game seed: 11015577492137257935

20022 XomChosenOne the Carver (level 12, -2/94 HPs)
             Began as a Mummy Chaos Knight on Feb 12, 2019.
             Was a Plaything of Xom.
             Slain by a komodo dragon (22 damage)
             ... on level 12 of the Dungeon.
             The game lasted 00:52:41 (20441 turns).

XomChosenOne the Carver (Mummy Chaos Knight)       Turns: 20441, Time: 00:52:41

Health: -2/94      AC: 14    Str: 15    XL:     12   Next: 41%
Magic:  25/25      EV: 10    Int: 20    God:    Xom [......]
Gold:   2759       SH:  9    Dex: 11    Spells: 24/29 levels left

rFire    . . .     SeeInvis .   i - +3 scimitar (flame)
rCold    . . .     Gourm    .   y - +0 shield
rNeg     + + +     Faith    .   s - +4 scale mail
rPois    ∞         Spirit   .   (no helmet)
rElec    .         Reflect  .   q - +0 cloak
rCorr    .         Harm     .   (no gloves)
MR       +....                  E - +0 pair of boots
Stlth    ..........             e - amulet of the acrobat
HPRegen  0.25/turn              C - +3 ring of intelligence
MPRegen  0.19/turn              v - ring of fire

@: no status effects
A: no food or potions, fire vulnerability, cold resistance 1, negative energy
resistance 3, torment resistance, unbreathing
a: Renounce Religion


You were on level 12 of the Dungeon.
You worshipped Xom.
You were a very special plaything of Xom.
You were not hungry.

You visited 3 branches of the dungeon, and saw 15 of its levels.

You collected 2759 gold pieces.

Inventory:

Hand Weapons
 h - a +0 blowgun
 i - a +3 scimitar of flaming (weapon)
Missiles
 r - 9 curare-tipped needles
 x - 8 javelins
 D - 7 poisoned needles
 F - 2 throwing nets (quivered)
Armour
 a - a +0 troll leather armour
 b - a +2 leather armour
 j - a +2 robe of resistance
 q - a +0 cloak (worn)
 s - a +4 scale mail (worn)
 u - a +0 buckler
 y - a +0 shield (worn)
 z - the +1 robe "Waful" {+Fly rCorr}
   (You found it on level 9 of the Dungeon)

   It lets you fly.
   It provides partial protection from all sources of acid and corrosion.
 E - a +0 pair of boots (worn)
Magical Staves
 n - an uncursed staff of conjuration
 o - an uncursed staff of power
Jewellery
 e - an amulet of the acrobat (around neck)
 f - an uncursed ring of protection from cold
 v - a ring of fire (right hand)
 A - an uncursed ring of magical power
 C - a +3 ring of intelligence (left hand)
Wands
 w - a wand of random effects (20)
Scrolls
 c - a scroll of brand weapon
 d - 12 scrolls of remove curse
 g - 4 scrolls of amnesia
 k - 4 scrolls of teleportation
 l - 5 scrolls of identify
 m - 5 scrolls of blinking
 p - a scroll of magic mapping
 t - 3 scrolls of enchant weapon
 G - a scroll of holy word {unknown}
Miscellaneous
 B - a lightning rod (inert)


   Skills:
 + Level 8.4 Fighting
 * Level 9.7 Long Blades
 + Level 6.6 Armour
 + Level 6.4 Dodging
 * Level 5.6 Shields
 + Level 9.1 Spellcasting
 + Level 3.8 Necromancy
 + Level 3.0 Earth Magic


You had 24 spell levels left.
You knew the following spells:

 Your Spells              Type           Power        Failure   Level  Hunger
a - Borgnjor's Vile Clut  Necr/Erth      ###.......   99%         5    N/A

Your spell library contained the following spells:

 Spells                   Type           Power        Failure   Level  Hunger
 Pain                     Necr           ###.         19%         1    N/A
 Flame Tongue             Conj/Fire      ##...        65%         1    N/A
 Shock                    Conj/Air       #...         65%         1    N/A
 Summon Small Mammal      Summ           #...         65%         1    N/A
 Call Imp                 Summ           #.......     78%         2    N/A
 Swiftness                Chrm/Air       #.......     78%         2    N/A
 Throw Flame              Conj/Fire      ##....       78%         2    N/A
 Call Canine Familiar     Summ           #.......     95%         3    N/A
 Conjure Flame            Conj/Fire      ##......     95%         3    N/A
 Inner Flame              Hex/Fire       ##......     95%         3    N/A
 Static Discharge         Conj/Air       #.......     95%         3    N/A
 Summon Guardian Golem    Hex/Summ       #.......     95%         3    N/A
 Airstrike                Air            #.........   100%        4    N/A
 Sticky Flame             Conj/Fire      ##......     100%        4    N/A
 Summon Ice Beast         Ice/Summ       #.......     100%        4    N/A
 Summon Lightning Spire   Summ/Air       #.......     100%        4    N/A
 Fireball                 Conj/Fire      ##........   100%        5    N/A
 Lightning Bolt           Conj/Air       #.........   100%        5    N/A
 Simulacrum               Ice/Necr       ###.......   100%        6    N/A
 Summon Hydra             Summ           #.........   100%        7    N/A
 Dragon's Call            Summ           #.........   100%        9    N/A

Dungeon Overview and Level Annotations

Branches:
Dungeon (13/15)            Temple (0/1) D:7            Lair (1/6) D:8
    Orc (1/2) D:12
 Vaults: D:13-14

Altars:
Dithmenos
Elyvilon
Hepliaklqana
Makhleb
Qazlal
Ru
Wu Jian
Xom

Annotations:
D:5 2 runed translucent doors, Monsterracer's ghost, novice OgTm


Innate Abilities, Weirdness & Mutations

You do not eat or drink.
Your flesh is vulnerable to fire.
You are immune to poison.
Your flesh is cold resistant. (rC+)
You are immune to negative energy. (rN+++)
You are immune to unholy pain and torment.
You can survive without breathing.


Message History

You slash the komodo dragon! You burn the komodo dragon.
The komodo dragon is severely wounded.
You block the komodo dragon's attack.
You hit the komodo dragon but do no damage.
The komodo dragon is severely wounded.
You hear Xom's avuncular chuckle.
The komodo dragon flickers and vanishes!
Deactivating autopickup; reactivate with Ctrl-A.
You are now a very special plaything of Xom.
Something bites you but does no damage.
You hit something. You burn something. Something bites you!!
You completely miss something. Xom's attention turns to you.
The light around you dims momentarily. Something bites you!!
* * * LOW HITPOINT WARNING * * *
You barely miss something.
Evoke which item? (* to show all) (? for menu, Esc to quit)
Okay, then.
You hit something. You burn something. Something bites you!!
You die...

#..)).).#.#.#.#..##.##.#)......#
#######.#.#.#.#..##.#..#......##
########..........#..>.##'######
##.........#...#.#########.# ###
#......##.##...#.# #.....# #..
#..........#.#.#.#####....%# ###
#).....#...#.#...#...#.....#
.......#...#.##..#...#.....#
.......#...#.##.@{.......###
..##.#.#...#>#####...#####
..##.#.#...#.# #####
.....#.#####.# .....#.# #.#
##...#.# #.# ##...#.# #.####
...<.#.# #....# ####.#.# ####.#


There were no monsters in sight!

Vanquished Creatures
  Erica (D:7)
  3 hydras
  A two-headed ogre (D:9)
  2 unseen horrors
  Pikel (D:8)
  2 ugly things
  A tengu conjurer (D:9)
  A queen bee (D:8)
  2 trolls (D:9)
  A slime creature (D:8)
  3 hippogriffs
  2 vampires
  A wyvern (D:9)
  14 yaks
  3 hungry ghosts
  A steam dragon (D:12)
  2 basilisks (D:8)
  Eustachio (D:8)
  A soldier ant (D:7)
  A water moccasin (D:11)
  2 porcupines (D:8)
  11 orc warriors
  3 ice beasts (D:9)
  7 sky beasts
  A slave (D:8)
  6 ogres
  2 phantoms
  6 centaurs
  A crocodile (D:8)
  Blork the orc (D:9)
  3 big kobolds
  10 bullfrogs
  3 gnoll sergeants
  A water moccasin skeleton (D:4)
  5 scorpions
  5 wights (D:8)
  19 killer bees
  4 howler monkeys
  6 crimson imps
  12 orc priests
  3 bullfrog skeletons
  9 hounds
  2 jellies
  2 centaur zombies
  4 centaur skeletons
  A gnoll shaman (D:5)
  Terence (D:3)
  An iguana (D:6)
  10 orc wizards
  9 worker ants
  A hound skeleton (D:7)
  A worker ant zombie (D:6)
  18 gnolls
  15 adders
  6 shadow imps
  2 oozes
  An adder zombie (D:7)
  2 adder skeletons
  3 worms (D:2)
  2 dart slugs
  9 leopard geckos
  70 orcs
  7 giant cockroaches
  10 goblins
  4 hobgoblins
  8 jackals
  3 quokkas
  A ball python (D:2)
  A ball python skeleton (D:5)
  7 bats
  5 frilled lizards
  A jackal skeleton (D:4)
  20 kobolds
  2 leopard gecko zombies
  A quokka zombie (D:5)
  7 rats
  A plant (D:2)
402 creatures vanquished.

Vanquished Creatures (collateral kills)
  Harold (D:8)
  A yak (D:8)
  2 orc warriors (D:6)
  An orc priest (D:6)
  An orc (D:6)
6 creatures vanquished.

Vanquished Creatures (others)
  A yak (D:6)
  3 slaves (D:8)
  A water moccasin skeleton (D:8)
  A crimson imp (D:8)
  2 bushes (D:8)
  2 fungi (D:8)
  3 plants (D:8)
13 creatures vanquished.

Grand Total: 421 creatures vanquished

Notes
Turn   | Place    | Note
-------+----------+-------------------------------------------
     0 | D:1      | XomChosenOne the Mummy Chaos Knight began the quest for the
                  | Orb.
     0 | D:1      | Reached XP level 1. HP: 18/18 MP: 1/1
   136 | D:1      | Reached skill level 1 in Dodging
   136 | D:1      | Reached XP level 2. HP: 20/24 MP: 2/2
   221 | D:1      | XOM: harmless Chrm miscast
   320 | D:1      | Reached skill level 1 in Spellcasting
   557 | D:1      | Reached XP level 3. HP: 23/29 MP: 4/4
   622 | D:2      | XOM: noise
   745 | D:2      | Reached XP level 4. HP: 27/35 MP: 6/6
   926 | D:2      | XOM: cast spell 'Cause Fear'
  1056 | D:2      | XOM: 4-stop teleportation journey
  1094 | D:2      | Found a white marble altar of Elyvilon.
  1094 | D:2      | Found a sacrificial altar of Ru.
  1094 | D:2      | Found an ornate altar of the Wu Jian Council.
  1129 | D:2      | XOM: cleaving
  1180 | D:2      | Found a hazy altar of Hepliaklqana.
  1590 | D:3      | Reached XP level 5. HP: 41/41 MP: 6/8
  1629 | D:3      | XOM: fog
  1647 | D:3      | XOM: cast spell 'Metabolic Englaciation'
  1744 | D:3      | XOM: scenery: create altars
  2164 | D:3      | Found a shadowy altar of Dithmenos.
  2244 | D:3      | XOM: 2-stop teleportation journey
  2260 | D:3      | Noticed Terence
  2269 | D:3      | Killed Terence
  2560 | D:3      | XOM: 4-stop teleportation journey
  2595 | D:4      | XOM is BORED!
  2595 | D:4      | XOM: blink monster(s)
  2596 | D:4      | Reached XP level 6. HP: 48/48 MP: 9/9
  2647 | D:4      | XOM: summons 3 hostile demons
  2698 | D:4      | XOM: divination: detect items
  3002 | D:4      | XOM: fake destruction
  3117 | D:4      | Reached XP level 7. HP: 54/54 MP: 11/11
  3652 | D:5      | Entered Level 5 of the Dungeon
  3807 | D:5      | XOM: god gift: twisted runed staff {god gift}
  3828 | D:5      | Found a runed translucent door.
  3854 | D:5      | XOM: harmless Summ miscast
  3888 | D:5      | Noticed Monsterracer's ghost (novice OgTm)
  3946 | D:5      | XOM is BORED!
  3946 | D:5      | XOM: noise
  4023 | D:5      | XOM: god gift: 65 gold pieces
  4202 | D:5      | Found a runed translucent door.
  4241 | D:5      | Reached skill level 5 in Long Blades
  4320 | D:5      | XOM: divination: magic mapping
  4321 | D:5      | Found a burning altar of Makhleb.
  4346 | D:5      | XOM: god gift: 6 rations
  4415 | D:5      | XOM is BORED!
  4415 | D:5      | XOM: summons 3 hostile shadow creatures
  4668 | D:6      | XOM: divination: detect items
  4687 | D:6      | XOM: cast spell 'Summon Small Mammal'
  4697 | D:6      | Reached XP level 8. HP: 48/61 MP: 14/14
  4714 | D:6      | XOM: god gift: 1770 gold pieces
  4749 | D:6      | XOM: 7-stop teleportation journey
  4765 | D:6      | XOM: smoke on damage
  4892 | D:6      | XOM: 5-stop teleportation journey
  4910 | D:5      | Reached skill level 5 in Fighting
  4990 | D:5      | XOM: scenery: create altars
  4996 | D:5      | XOM: snakes to sticks
  5094 | D:5      | XOM: scenery: create altars
  5160 | D:6      | XOM: summons friendly ice devil
  5373 | D:6      | XOM: 3-stop teleportation journey
  5563 | D:6      | Reached skill level 5 in Spellcasting
  5564 | D:6      | XOM: enchant monster (good)
  5567 | D:6      | HP: 2/62 [orc priest/divine providence (13)]
  6048 | D:6      | XOM: fake destruction
  6204 | D:6      | XOM: harmless Tloc miscast
  6332 | D:6      | XOM: scenery: 1 doors open
  6521 | D:6      | XOM: harmless Tmut miscast
  6631 | D:7      | XOM: harmless Fire miscast
  6662 | D:7      | Reached XP level 9. HP: 36/68 MP: 17/17
  6808 | D:7      | XOM: harmless Necr miscast
  6835 | D:6      | XOM: harmless Hex miscast
  7205 | D:5      | XOM: harmless Tmut miscast
  7283 | D:5      | XOM: harmless Hex miscast
  7288 | D:5      | XOM: scenery: create altars
  7299 | D:5      | XOM: harmless Conj miscast
  7340 | D:6      | XOM: medium Chrm miscast
  7470 | D:5      | XOM: harmless Fire miscast
  7951 | D:7      | XOM: harmless Tloc miscast
  7956 | D:7      | XOM: polymorph centaur -> big kobold
  8020 | D:7      | Found a staircase to the Ecumenical Temple.
  8299 | D:7      | XOM: summons 4 hostile demons
  8300 | D:7      | Noticed a red devil
  8525 | D:7      | XOM: scenery: create altars
  8535 | D:6      | XOM: fog
  8669 | D:6      | XOM: divine lightning
  8754 | D:7      | XOM: god gift: 24 stones
  8869 | D:8      | Noticed Psyche
  8872 | D:8      | Paralysed by Psyche for 6 turns
  8883 | D:7      | Noticed Psyche
  8883 | D:7      | Psyche changed into Psyche the soldier ant
  8883 | D:7      | XOM: polymorph Psyche -> Psyche the soldier ant
  8891 | D:7      | XOM: fog
  8905 | D:7      | Killed Psyche the soldier ant
  9132 | D:8      | Noticed Erica
  9144 | D:8      | XOM: cleaving
  9147 | D:8      | XOM: divination: magic mapping
  9190 | D:7      | XOM: god gift: scroll of blinking
  9199 | D:8      | XOM: scenery: create altars
  9241 | D:7      | XOM: divination: detect creatures
  9247 | D:7      | XOM: potion effect (invisibility)
  9258 | D:7      | XOM: confuse monster(s)
  9555 | D:6      | XOM: summons 4 hostile demons
  9786 | D:7      | Killed Erica
  9786 | D:7      | Reached skill level 5 in Armour
  9786 | D:7      | Reached XP level 10. HP: 15/77 MP: 18/20
 10189 | D:8      | Noticed Pikel
 10191 | D:8      | XOM: scenery: create altars
 10206 | D:8      | Killed Pikel
 10406 | D:8      | XOM: divination: detect items
 10407 | D:8      | XOM: summons 3 hostile demons
 10413 | D:8      | XOM: swap monsters
 10423 | D:8      | Reached skill level 5 in Dodging
 10465 | D:8      | XOM: harmless Fire miscast
 10543 | D:8      | Reached skill level 1 in Shields
 10574 | D:8      | Found a staircase to the Lair.
 10578 | D:8      | XOM: scenery: create altars
 10593 | D:8      | XOM: divination: detect items
 10595 | D:8      | XOM: harmless Necr miscast
 10597 | D:8      | XOM: scenery: create altars
 10629 | D:8      | XOM: summons 4 friendly demons
 10648 | D:8      | XOM: divination: magic mapping
 10652 | D:8      | XOM: summons friendly iron imp
 10677 | D:8      | XOM: divination: magic mapping
 10722 | D:8      | XOM: fog
 10726 | D:8      | XOM: cleaving
 10734 | D:8      | XOM: cleaving
 10737 | D:8      | XOM: cleaving
 10992 | D:8      | Noticed Harold
 11002 | D:8      | Killed Harold
 11469 | Lair:1   | Entered Level 1 of the Lair of Beasts
 11502 | D:9      | XOM: scenery: create altars
 11526 | D:9      | XOM: cast spell 'Summon Hydra'
 11529 | D:9      | XOM: 1-stop teleportation journey
 11653 | D:9      | XOM: scenery: create altars
 11828 | D:9      | Got a sheer robe
 11864 | D:9      | Identified the +1 robe "Waful" {+Fly rCorr} (You found it
                  | on level 9 of the Dungeon)
 11879 | D:9      | XOM: divination: detect items
 11886 | D:9      | Identified Xom's Catalogue of the Journeyman (Xom gifted it
                  | to you on level 9 of the Dungeon)
 11886 | D:9      | XOM: god gift: Xom's Catalogue of the Journeyman
 11896 | D:8      | XOM: medium Conj miscast
 11903 | D:8      | Learned a level 5 spell: Borgnjor's Vile Clutch
 11955 | D:9      | XOM: potion effect (invisibility)
 12115 | D:9      | Noticed Eustachio
 12140 | D:8      | Killed Eustachio
 12140 | D:8      | Reached XP level 11. HP: 76/84 MP: 22/22
 12200 | D:9      | XOM: noise
 12612 | D:9      | Reached skill level 1 in Necromancy
 12889 | D:9      | XOM: harmless Summ miscast
 12906 | D:9      | XOM: potion effect (haste)
 12909 | D:9      | XOM: divination: detect creatures
 12916 | D:9      | Reached skill level 1 in Earth Magic
 12923 | D:9      | XOM: divination: detect items
 12937 | D:9      | XOM: cast spell 'Call Canine Familiar'
 13175 | D:8      | XOM: harmless Tloc miscast
 13219 | D:9      | Found a stormy altar of Qazlal.
 13325 | D:9      | Noticed a two-headed ogre
 13336 | D:9      | Killed a two-headed ogre
 13340 | D:9      | XOM: divination: detect creatures
 13603 | D:9      | XOM: confuse monster(s)
 13839 | D:9      | Noticed Blork the orc
 13841 | D:9      | XOM: noise
 13856 | D:9      | Killed Blork the orc
 14045 | D:9      | XOM: god gift: 45 gold pieces
 14283 | D:10     | Entered Level 10 of the Dungeon
 14362 | D:10     | XOM: cast spell 'Summon Ice Beast'
 14553 | D:10     | XOM: potion effect (agility)
 14586 | D:10     | XOM: cloud trail
 14612 | D:10     | XOM: divination: detect creatures
 14982 | D:10     | XOM: mild Tmut miscast
 15622 | D:10     | XOM: silly message
 15926 | D:11     | Noticed a brown ugly thing
 15943 | D:10     | XOM: cast spell 'Summon Butterflies'
 15953 | D:10     | Killed a brown ugly thing
 15967 | D:10     | XOM: god gift: 35 gold pieces
 16235 | D:11     | XOM: cast spell 'Olgreb's Toxic Radiance'
 16266 | D:11     | Noticed a five-headed hydra
 16267 | D:11     | XOM: 3-stop teleportation journey
 16312 | D:11     | Killed an unseen horror
 16443 | D:11     | XOM: medium Ice miscast
 16876 | D:11     | XOM: 6-stop teleportation journey
 16881 | D:11     | XOM: mild Conj miscast
 16882 | D:11     | XOM: enchant monster (bad)
 17100 | D:11     | Noticed a cyan ugly thing
 17108 | D:11     | Killed a cyan ugly thing
 17155 | D:10     | XOM: medium Conj miscast
 17396 | D:10     | XOM: harmless Hex miscast
 17557 | D:11     | XOM: summons 5 hostile demons
 17780 | D:11     | XOM: enchant monster (bad)
 17782 | D:11     | XOM: enchant monster (bad)
 17785 | D:11     | XOM: summons friendly iron imp
 18032 | D:11     | XOM: confuse monster(s)
 18036 | D:11     | Killed a two-headed hydra
 18036 | D:11     | Reached XP level 12. HP: 68/92 MP: 24/24
 18304 | D:11     | Reached skill level 5 in Shields
 18791 | D:12     | XOM: harmless Hex miscast
 18793 | D:12     | Noticed an eight-headed hydra
 18837 | D:12     | XOM: scenery: create altars
 18856 | D:12     | Killed a four-headed hydra
 18869 | D:12     | XOM: scenery: create altars
 19071 | D:12     | XOM is BORED!
 19227 | D:12     | XOM: 8-stop teleportation journey
 19230 | D:12     | Noticed a six-headed hydra
 19310 | D:12     | XOM: polymorph orc -> bat
 19342 | D:12     | XOM: noise
 19346 | D:12     | Killed a two-headed hydra
 19346 | D:12     | XOM: chaos upgrade
 19359 | D:12     | XOM: blink monster(s)
 19841 | D:12     | Found a staircase to the Orcish Mines.
 19862 | D:12     | XOM: medium Air miscast
 20373 | Orc:1    | Entered Level 1 of the Orcish Mines
 20437 | D:12     | XOM: enchant monster (bad)
 20439 | D:12     | XOM: harmless Hex miscast
 20441 | D:12     | Slain by a komodo dragon

Skill      XL: |  1  2  3  4  5  6  7  8  9 10 11 12 |
---------------+-------------------------------------+-----
Dodging        | 1 2 3 4 5 6 |  6.4
Spellcasting   | 1 2 3 4 5 6 7 8 9 |  9.1
Long Blades    | 3 4 5 6 7 8 9 |  9.7
Armour         | 2 3 4 5 6 |  6.6
Fighting       | 4 5 6 7 8 |  8.4
Shields        | 3 4 5 |  5.6
Necromancy     | 3 |  3.8
Earth Magic    | 2 3 |  3.0

Action                   |  1- 3 |  4- 6 |  7- 9 | 10-12 || total
-------------------------+-------+-------+-------+-------++-------
Melee: Falchion          |    16 |       |    19 |       ||    35
       Dagger            |    76 |   253 |   529 |       ||   858
       Blowgun           |       |       |     1 |       ||     1
       Scimitar          |       |       |       |   913 ||   913
 Fire: Blowgun           |       |       |     3 |     1 ||     4
Throw: Throwing net      |       |       |     1 |     1 ||     2
       Javelin           |       |       |       |     3 ||     3
Evoke: Wand              |       |       |    14 |     3 ||    17
       Lightning rod     |       |       |       |     6 ||     6
  Use: Scroll            |       |       |     6 |     4 ||    10
 Stab: Distracted        |       |     1 |       |       ||     1
       Petrifying        |       |       |     1 |       ||     1
       Petrified         |       |       |     1 |       ||     1
       Invisible         |       |       |     1 |     5 ||     6
       Confused          |       |       |       |     4 ||     4
       Held in net/web   |       |       |       |     1 ||     1
Armor: Leather armour    |    29 |    44 |       |       ||    73
       Scale mail        |       |    27 |   158 |   311 ||   496
       Chain mail        |       |       |    36 |       ||    36
Dodge: Dodged            |    54 |   114 |   261 |   395 ||   824
Block: Shield            |       |       |       |   338 ||   338
       Buckler           |       |       |       |    18 ||    18
       Rpst.: Falchion   |     3 |       |       |       ||     3
       Scimitar          |       |       |       |    86 ||    86
